 Dungeon Crawl Stone Soup version 0.30-a0-920-g7493c07aab (webtiles) character file.

Game seed: 15469548264279548397

2802 GloriousHammer the Fighter (level 9, 0/91 (101) HPs)
             Began as an Ogre Cinder Acolyte on Mar 21, 2023.
             Was a Believer of Ignis.
             Slain by a wight
             ... wielding a +3 great sword
              (13 damage)
             ... on level 7 of the Dungeon.
             The game lasted 00:20:42 (12401 turns).

GloriousHammer the Fighter (Ogre Cinder Acolyte)   Turns: 12401, Time: 00:20:43

HP:   0/91 (101)    AC:  6    Str: 23    XL:     9   Next: 71%
MP:   2/16          EV:  9    Int: 19    God:    Ignis [**....]
Gold: 32            SH:  0    Dex:  4    Spells: 10/18 levels left

rFire   + . .      SeeInvis .    v - +0 flail
rCold   . . .      Faith    .    (no shield)
rNeg    . . .      Spirit   .    G - +0 robe "Ojastops" {Str+3}
rPois   .          Reflect  .    (helmet restricted)
rElec   .          Rampage  .    c - +2 cloak
rCorr   .                        (gloves unavailable)
Will    .....                    (boots unavailable)
Stlth   +                        (no amulet)
HPRegen 0.35/turn                (no ring)
MPRegen 0.15/turn                (no ring)

@: drained
A: large, unfitting armour, tough skin 1
a: Renounce Religion, Fiery Armour, Foxfire Swarm, Rising Flame


You were on level 7 of the Dungeon.
You worshipped Ignis.
Ignis was pleased with you.
You visited 2 branches of the dungeon, and saw 8 of its levels.

You collected 315 gold pieces.
You spent 283 gold pieces at shops.

Inventory:

Hand Weapons
 a - a -1 mace of flaming
 i - a +0 whip
 v - a +0 flail (weapon)
Missiles
 d - a curare-tipped dart
 j - 4 boomerangs (quivered)
 p - 41 stones
Armour
 c - a +2 cloak (worn)
 G - the +0 robe "Ojastops" (worn) {Str+3}
   (You found it on level 7 of the Dungeon)

   Str:       It affects your strength (+3).
Jewellery
 C - a ring of protection from cold
 R - a ring of resist corrosion
Wands
 k - a wand of flame (14)
 t - a wand of mindburst (10)
 B - a wand of roots (8)
Scrolls
 l - 4 scrolls of teleportation
 m - a scroll of enchant weapon
 r - a scroll of enchant armour
 w - a scroll of poison {unknown}
 x - a scroll of fog {unknown}
 y - 2 scrolls of magic mapping {unknown}
 E - 3 scrolls of amnesia {unknown}
 F - a scroll of fear {unknown}
 I - a scroll of identify
Potions
 e - a potion of ambrosia {unknown}
 f - a potion of might {unknown}
 g - 2 potions of brilliance {unknown}
 h - 7 potions of curing
 n - a potion of cancellation
 o - 2 potions of heal wounds
 q - 2 potions of attraction {unknown}
 s - a potion of resistance
 u - 2 potions of lignification {unknown}
 z - 2 potions of degeneration {unknown}
 A - 2 potions of flight {unknown}
 D - a potion of berserk rage {unknown}


   Skills:
 - Level 10.1 Fighting
 + Level 8.1 Maces & Flails
 + Level 5.1 Spellcasting
 - Level 4.0 Fire Magic
 + Level 3.8 Poison Magic


You had 10 spell levels left.
You knew the following spells:

 Your Spells              Type           Power      Damage    Failure   Level
a - Scorch                Fire           40%        2d7       3%          2
b - Poisonous Vapours     Pois/Air       24%        N/A       9%          2
c - Olgreb's Toxic Radia  Pois           19%        N/A       26%         4

Your spell library contained the following spells:

 Spells                   Type           Power      Damage    Failure   Level
 Sting                    Tmut/Pois      48%        1d5       5%          1
 Vhi's Electric Charge    Tloc/Air       8%         N/A       36%         3
 Flame Wave               Conj/Fire      12%        2d6       47%         4
 Arcjolt                  Conj/Air       2%         1d12      98%         5
 Summon Cactus Giant      Summ           2%         N/A       100%        6
 Maxwell's Capacitive Co  Air            2%         ∞         100%        8


Dungeon Overview and Level Annotations

Branches:
Dungeon (7/15)             Temple (1/1) D:7

Altars:
Ashenzari
Cheibriados
Dithmenos
Elyvilon
Fedhas
Gozag
Makhleb
Nemelex Xobeh
Okawaru
Qazlal
Sif Muna
Trog
Uskayaw
Vehumet
Wu Jian
Xom
Yredelemnul
The Shining One

Shops:
D:1 !   D:2 :([?:

Annotations:
D:1 dig vault
D:5 exclusion: downstairs


Innate Abilities, Weirdness & Mutations

You are too large for most types of armour.
You have tough skin. (AC +1)


Message History

Casting: Scorch (safe; 3% risk of failure)
Confirm with . or Enter, or press ? or * to list all spells.
Flames lash the wight.
The wight is heavily damaged.
The wight's fire resistance burns away.
Casting: Scorch (safe; 3% risk of failure)
Confirm with . or Enter, or press ? or * to list all spells.
Flames lash the wight.
The wight is lightly damaged.
The wight's fire resistance burns away.
The wight hits you from afar with a +0 spear.
Casting: Scorch (safe; 3% risk of failure)
Confirm with . or Enter, or press ? or * to list all spells.
Flames lash the wight.
The wight is burned terribly!
The wight is severely damaged.
The wight is no longer more vulnerable to fire.
The wight hits you from afar with a +0 spear.
Casting: Scorch (safe; 3% risk of failure)
Confirm with . or Enter, or press ? or * to list all spells.
Flames lash the wight.
The wight is burned terribly!
You destroy the wight!
Your Spellcasting skill increases to level 5!
Casting: Scorch (safe; 3% risk of failure)
Confirm with . or Enter, or press ? or * to list all spells.
Flames lash the wight.
The wight is heavily damaged.
The wight's fire resistance burns away.
Casting: Scorch (safe; 3% risk of failure)
Confirm with . or Enter, or press ? or * to list all spells.
Flames lash the wight.
The wight is severely damaged.
You closely miss the wight.
The wight is severely damaged.
The wight hits you with a +2 morningstar!
You feel drained.
You barely miss the wight.
The wight is severely damaged.
The wight misses you. The wight barely misses you.
The wight attacks as you move away! The wight barely misses you.
You hit the wight.
The wight is severely damaged.
The wight hits you with a +2 morningstar!
You feel drained.
You closely miss the wight.
The wight is severely damaged.
The wight hits you with a +2 morningstar!
You feel drained.
Casting: Scorch (safe; 3% risk of failure)
Confirm with . or Enter, or press ? or * to list all spells.
Flames lash the wight.
The wight is heavily damaged.
The wight's fire resistance burns away.
The wight is no longer more vulnerable to fire.
The wight hits you with a +2 morningstar!
You closely miss the wight.
The wight is severely damaged.
The wight barely misses you.
Unknown command.
Casting: Scorch (safe; 3% risk of failure)
Confirm with . or Enter, or press ? or * to list all spells.
You don't have enough magic to cast this spell.
You sock the wight!
You destroy the wight!
You hit the wight.
The wight is heavily damaged.
The wight hits you with a +3 great sword.
Unknown command.
You closely miss the wight.
The wight is heavily damaged.
The wight hits you with a +3 great sword!
You feel drained.
You closely miss the wight.
The wight is heavily damaged.
The wight is no longer more vulnerable to fire.
The wight barely misses you.
You closely miss the wight.
The wight is heavily damaged.
The wight hits you with a +3 great sword!
* * * LOW HITPOINT WARNING * * *
You feel drained.
* * * LOW HITPOINT WARNING * * *
Unknown command.
Activating: Foxfire Swarm
Press: ? - help, Dir - look around, f - activate Flames leap up around you!
The wight closely misses you.
You hit the wight but do no damage.
The wight is heavily damaged.
The foxfire hits the wight but does no damage.
The wight is heavily damaged.
The foxfire hits the wight.
The wight is severely damaged.
The foxfire hits the wight.
The wight is severely damaged.
The wight hits you with a +3 great sword.
* * * LOW HITPOINT WARNING * * *
Your foxfire dissipates!
Your foxfire dissipates!
The wight attacks as you move away!
The wight hits you with a +3 great sword!
You die...

........ #.# #.##.# .........#
#.# #.##.# .......zz #.#
#.##'###### ........ #.#
#.........# ......z. #.#
#.........# ........ #.#
#.........# ...[.... #.#
#.........#
.##'#########.#####.........#
.....)....)...)z@.........>.#####
###.#########.#####.........##...
###..# #.# #.........##... .....#
#.# #.........##... .....######
#.# #..............
..........###.# #..............
.....####..##.# #.######.#.....
.....# ##.##.# #.######.#.....
.....# #..#.## #.#..........##


You could see a wight.

Vanquished Creatures
  Grinder (D:3)
  Sigmund (D:2)
  Duvessa (D:5)
  4 water moccasins
  2 sky beasts
  An ogre (D:4)
  A centaur (D:7)
  Blork the orc (D:5)
  A bullfrog (D:7)
  2 gnoll sergeants
  3 wights (D:7)
  Dowan (D:5)
  3 killer bees (D:6)
  2 howler monkeys (D:7)
  5 hounds
  An orc priest (D:5)
  3 jellies
  Crazy Yiuf (D:5)
  7 iguanas
  2 orc wizards
  Robin (D:2)
  7 adders
  14 gnolls
  2 shadow imps (D:6)
  2 white imps
  6 worms
  4 dart slugs
  11 orcs
  4 ball pythons
  5 bats
  4 endoplasms
  3 giant cockroaches (D:1)
  18 goblins
  5 hobgoblins
  10 jackals
  11 kobolds
  5 quokkas
  5 frilled lizards
  6 rats
166 creatures vanquished.

Vanquished Creatures (others)
  38 foxfires
  2 fungi (D:5)
40 creatures vanquished.

Grand Total: 206 creatures vanquished

Notes
Turn   | Place    | Note
-------+----------+-------------------------------------------
     0 | D:1      | GloriousHammer the Ogre Cinder Acolyte began the quest for
                  | the Orb.
     0 | D:1      | Reached XP level 1. HP: 24/24 MP: 2/2
   193 | D:1      | Found Coidaothrex's Distillery.
   341 | D:1      | Reached XP level 2. HP: 31/32 MP: 4/4
   358 | D:1      | Learned a level 2 spell: Scorch
   664 | D:1      | Reached XP level 3. HP: 40/40 MP: 1/5
  1045 | D:1      | Bought a potion of curing for 33 gold pieces
  1059 | D:2      | Found a faded altar of an unknown god.
  1394 | D:2      | Noticed Robin
  1566 | D:2      | Killed Robin
  1567 | D:2      | Reached XP level 4. HP: 28/49 MP: 1/7
  1650 | D:2      | Found Onnat's Book Shop.
  1823 | D:2      | Found Peucsepp's Magic Scroll Emporium.
  2091 | D:2      | Found Ciolen's Weapon Emporium.
  2118 | D:2      | Noticed Sigmund
  2127 | D:2      | Killed Sigmund
  2128 | D:2      | Reached skill level 5 in Fighting
  2128 | D:2      | Reached XP level 5. HP: 56/57 MP: 1/9
  2128 | D:2      | Reached XP level 6. HP: 65/66 MP: 1/10
  2144 | D:2      | Found Viesmess's Antique Armour Shop.
  2343 | D:2      | Found a bloodstained altar of Trog.
  2347 | D:2      | Found Hixtoits's Book Shoppe.
  3373 | D:3      | Noticed Grinder
  3378 | D:3      | Paralysed by Grinder for 3 turns
  3384 | D:3      | Killed Grinder
  3385 | D:3      | Reached skill level 6 in Fighting
  3385 | D:3      | Reached XP level 7. HP: 40/76 MP: 0/13
  4365 | D:3      | Reached skill level 5 in Maces & Flails
  4749 | D:4      | Reached skill level 7 in Fighting
  5284 | D:5      | Entered Level 5 of the Dungeon
  5359 | D:2      | Bought a scroll of identify for 20 gold pieces
  5359 | D:2      | Bought a scroll of teleportation for 30 gold pieces
  5750 | D:5      | Reached XP level 8. HP: 49/88 MP: 3/14
  5758 | D:5      | Reached skill level 8 in Fighting
  5853 | D:5      | Noticed Dowan
  6071 | D:5      | Noticed Duvessa
  6779 | D:5      | Found a burning altar of Makhleb.
  6781 | D:5      | Found an iron altar of Okawaru.
  6814 | D:5      | Noticed Blork the orc
  6820 | D:5      | Killed Blork the orc
  6866 | D:5      | Reached skill level 9 in Fighting
  7325 | D:5      | Killed Duvessa
  7328 | D:5      | Killed Dowan
  7759 | D:5      | Found a shadowy altar of Dithmenos.
  7759 | D:5      | Found a hide-covered altar of Uskayaw.
  7971 | D:5      | Found a runed translucent door.
  7972 | D:5      | Noticed Crazy Yiuf
  7978 | D:5      | Killed Crazy Yiuf
  8950 | D:6      | Reached XP level 9. HP: 45/101 MP: 5/15
  9378 | D:6      | Reached skill level 1 in Poison Magic
  9649 | D:6      | Reached skill level 10 in Fighting
  9980 | D:2      | Bought a Young Poisoner's Handbook for 200 gold pieces
  9983 | D:2      | Learned a level 2 spell: Poisonous Vapours
  9988 | D:2      | Learned a level 4 spell: Olgreb's Toxic Radiance
 11204 | D:7      | Identified the +0 robe "Ojastops" {Str+3}
 11220 | D:7      | Found a staircase to the Ecumenical Temple.
 11226 | Temple   | Entered the Ecumenical Temple
 12382 | D:7      | Reached skill level 5 in Spellcasting
 12401 | D:7      | Slain by a wight

Illustrated notes

Levels and vault maps discovered:
D:1:      arrival_zaba_pyramid, layout_loops_ring, serial_glass,
          glass_columns_a, glass_columns_b, serial_shops,
          nicolae_shop_statue_plus, nicolae_kite_square_tiling_tiny,
          due_unseen_surprise
D:2:      layout_basic, nicolae_ecumenical_pavilion, serial_aquarium,
          aquarium_bridge_long_separate [aquarium_subvault_window,
          aquarium_subvault_wall, aquarium_subvault_bridge,
          aquarium_subvault_window, aquarium_subvault_window,
          aquarium_subvault_bridge], aquarium_window_1, aquarium_window_fake,
          aquarium_window_2, aquarium_view_2c, basic_altar, serial_shops, shop,
          shop, shop, shop, nicolae_shop_stone, uniq_robin, uniq_sigmund
D:3:      layout_loops_ring, serial_rivers, chequers_serial_rivers_small_a,
          chequers_serial_rivers_micro_e, chequers_serial_rivers_small_a,
          chequers_serial_rivers_micro_e, uniq_grinder
D:4:      layout_rooms
D:5:      layout_gridville, nicolae_overflow_two_pavilions,
          nicolae_overflow_hidden_temple, st_stairs_11, uniq_blork_the_orc,
          uniq_duvessa, uniq_crazy_yiuf_cottage
D:6:      layout_layer_cave
D:7:      layout_basic, temple_green, grunt_ministairs_8
Temple:   nicolae_temple_bog_church

Skill      XL: |  1  2  3  4  5  6  7  8  9 |
---------------+----------------------------+-----
Fire Magic     | 3 4 |  4.0
Maces & Flails | 3 4 5 7 8 |  8.1
Spellcasting   | 2 3 4 5 |  5.1
Fighting       | 5 6 7 9 10 | 10.1
Poison Magic   | 3 |  3.8

Action                     |  1- 3 |  4- 6 |  7- 9 || total
---------------------------+-------+-------+-------++-------
  Melee: Mace              |    29 |       |       ||    29
         Punch             |     1 |     1 |       ||     2
         Whip              |    36 |    39 |    16 ||    91
         Flail             |       |       |   107 ||   107
  Throw: Dart              |     1 |     7 |       ||     8
         Boomerang         |       |       |    17 ||    17
   Cast: Scorch            |    22 |    47 |   180 ||   249
 Invoke: Fiery Armour      |       |       |     3 ||     3
         Foxfire Swarm     |       |       |     3 ||     3
  Evoke: Wand              |       |       |     4 ||     4
    Use: Scroll            |       |       |     7 ||     7
 Armour: Robe              |    23 |    16 |    60 ||    99
  Dodge: Dodged            |    37 |    26 |    95 ||   158

Table legend: (Time is in decaauts)
 A = Elapsed time spent in this place.
 B = Non-inter-level travel time spent in this place.
 C = Inter-level travel time spent in this place.
 D = Time resting spent in this place.
 E = Time spent auto-exploring this place.
 F = Levels seen in this place.
 G = Mean time per level.
                   A        B        C        D        E       F      G
               +--------+--------+--------+--------+--------+-----+--------+
         Total |  12422 |  11649 |    773 |   5105 |   4999 |   8 | 1552.8 |
       Dungeon |  12242 |  11483 |    759 |   5105 |   4843 |   7 | 1748.9 |
        Temple |    180 |    166 |     14 |      0 |    156 |   1 |  180.0 |
               +--------+--------+--------+--------+--------+-----+--------+

Top non-repeatable levels by time:
     D:5: 3148 daAuts
     D:6: 2157 daAuts
     D:3: 1908 daAuts
     D:1: 1423 daAuts
     D:7: 1410 daAuts
     D:2: 1348 daAuts
     D:4: 844 daAuts
  Temple: 180 daAuts
